[Event "Titled Tuesday Blitz April 12 Late 2022"]
[White "Dahlgren, James Allen"]
[Black "Rego, Vinicius V. de Almeida"]
[WhiteFideId "22256873"]
[BlackFideId "2106485"]
[WhiteElo "2096"]
[BlackElo "2345"]
[Result "0-1"]
[Round "05"]
[TimeControl "180+1"]
[Date "2022.04.13"]
[WhiteClock "0:00:51"]
[BlackClock "0:00:50"]

1. d3 c5 2. f4 g6 3. Nf3 Bg7 4. g3 Nc6 5. Bg2 d5 6. O-O Nf6 7. Nbd2 O-O 8. e4 dxe4 9. dxe4 Bg4 10. c3 Nd7 11. h3 Bxf3 12. Qxf3 Qc7 13. a4 a6 14. g4 b5 15. axb5 axb5 16. Rxa8 Rxa8 17. e5 Ra6 18. Ne4 Nd8 19. Be3 Ra2 20. Rf2 b4 21. c4 Ne6 22. b3 Rxf2 23. Qxf2 g5 24. f5 Nf4 25. Nxg5 Nxg2 26. Qxg2 Qxe5 27. Kf2 Qb2+ 28. Kf3 Qxb3 29. Qd2 Bd4 30. Kf4 Qxc4 31. Bxd4 cxd4 32. Ke4 Nc5+ 33. Kf3 b3 34. Qa5 Qd3+ 35. Kf4 Qe3# 0-1


[Site "https://www.chess.com"]

[Event "Titled Tuesday Blitz April 12 Late 2022"]
[White "Djokic, Mihailo"]
[Black "Moussard, Jules"]
[WhiteFideId "976440"]
[BlackFideId "642908"]
[WhiteElo "2202"]
[BlackElo "2589"]
[Result "0-1"]
[Round "05"]
[TimeControl "180+1"]
[Date "2022.04.12"]
[WhiteClock "0:00:01"]
[BlackClock "0:00:14"]

1. e4 g6 2. d4 Bg7 3. Nc3 d6 4. Be3 a6 5. Qd2 b5 6. a4 b4 7. Nce2 Bb7 8. Ng3 a5 9. Bd3 Nd7 10. Nf3 c5 11. c3 Ngf6 12. Bh6 Bxh6 13. Qxh6 Qc7 14. O-O O-O-O 15. Rac1 Kb8 16. cxb4 axb4 17. b3 Qb6 18. d5 Ng4 19. Qd2 h5 20. h3 h4 21. Ne2 Nge5 22. Nxe5 Nxe5 23. Bb5 g5 24. f4 gxf4 25. Kh2 Rdg8 26. Nxf4 Rg3 27. Bc4 Rhg8 28. Rf2 Bc8 29. Rc2 Qd8 30. Qe2 f5 31. Ba6 Bxa6 32. Qxa6 Qc8 33. Qb5+ Qb7 34. Qxb7+ Kxb7 35. exf5 Rxb3 36. Rce2 Rbg3 37. Ne6 b3 38. Re1 c4 39. Re4 Kb6 40. Nd4 Kc5 41. Ne2 Kxd5 42. Rxh4 Rxg2+ 43. Rxg2 Nf3+ 44. Kh1 Rxg2 45. Nf4+ Kc5 46. Kxg2 Nxh4+ 47. Kg3 Nxf5+ 48. Kf3 b2 49. Ne6+ Kb4 0-1


[Site "https://www.chess.com"]

[Event "Titled Tuesday Blitz April 12 Late 2022"]
[White "Domingo Nunez, Alejandro"]
[Black "Miszler, Levente"]
[WhiteFideId "22245561"]
[BlackFideId "763276"]
[WhiteElo "2215"]
[BlackElo "1966"]
[Result "0-1"]
[Round "05"]
[TimeControl "180+1"]
[Date "2022.04.13"]
[WhiteClock "0:00:29"]
[BlackClock "0:00:08"]

1. Nf3 e6 2. g3 Nf6 3. Bg2 b6 4. O-O Bb7 5. c4 Be7 6. b3 O-O 7. Bb2 c5 8. e3 Nc6 9. Qe2 d5 10. cxd5 Nxd5 11. d4 cxd4 12. exd4 Rc8 13. Nbd2 Ncb4 14. Rfc1 Bf6 15. a3 Ba6 16. Nc4 Nc6 17. Qe4 Qd7 18. Rc2 Rfd8 19. Rac1 Nce7 20. Nfe5 Qb5 21. b4 Qa4 22. Bf1 Nf5 23. Bd3 g6 24. h4 Bxc4 25. Bxc4 Nd6 26. Qe2 Nxc4 27. Rxc4 Rxc4 28. Qxc4 Bxe5 29. dxe5 Ne7 30. Qg4 h5 31. Qg5 Rd1+ 32. Kh2 Rxc1 33. Bxc1 Qc2 34. Be3 Nf5 35. Qd8+ Kg7 36. Qf6+ Kg8 37. Kg1 Nxe3 38. fxe3 Qc1+ 39. Kf2 Qxa3 40. Qd8+ Kg7 41. Qe7 Qb2+ 42. Kf3 Qxe5 43. Qxa7 Qd5+ 44. e4 Qd3+ 45. Kf4 Qd2+ 46. Kf3 Qxb4 47. Qc7 Qb3+ 48. Kf4 Qb5 49. Qd6 Qc5 50. Qd8 b5 51. e5 Qc4+ 52. Kf3 Qc3+ 53. Kf4 Qc5 54. Qf6+ Kg8 55. Kg5 Qe3+ 56. Qf4 Qxf4+ 57. gxf4 b4 58. f5 gxf5 59. Kf6 b3 60. Kg5 b2 61. Kf4 b1=Q 62. Kf3 Qe4+ 63. Kg3 Qxe5+ 64. Kg2 Qe4+ 65. Kh3 Qg4+ 66. Kh2 Qxh4+ 67. Kg2 Qg4+ 68. Kf2 f4 69. Ke1 f3 70. Kd2 Qg2+ 71. Kc3 f2 72. Kb2 f1=Q+ 73. Ka3 Qb1 74. Ka4 Qga2# 0-1


[Site "https://www.chess.com"]

[Event "Titled Tuesday Blitz April 12 Late 2022"]
[White "Estrada Nieto, Julian"]
[Black "Cagara, Paulina"]
[WhiteFideId "5101018"]
[BlackFideId "1124870"]
[WhiteElo "2252"]
[BlackElo "1780"]
[Result "0-1"]
[Round "05"]
[TimeControl "180+1"]
[Date "2022.04.13"]
[WhiteClock "0:00:10"]
[BlackClock "0:00:05"]

1. e4 c6 2. d4 d5 3. exd5 cxd5 4. Bd3 Nc6 5. c3 Nf6 6. Nf3 Bg4 7. Bf4 e6 8. O-O Bd6 9. Bxd6 Qxd6 10. Nbd2 O-O 11. Qb3 a6 12. a4 Rab8 13. a5 Ne7 14. Rfe1 b5 15. axb6 Rxb6 16. Qa2 Rfb8 17. b4 Rc8 18. Rec1 g6 19. Ne5 Bf5 20. Bxf5 Nxf5 21. Nb3 Ne4 22. Nc5 f6 23. Ned3 Nh4 24. Qe2 e5 25. f3 Ng5 26. dxe5 fxe5 27. Qf2 Nhxf3+ 28. gxf3 Nh3+ 29. Kg2 Nxf2 30. Nxf2 Rxc5 31. bxc5 Qxc5 32. Rc2 Qe3 33. Rd1 e4 34. fxe4 dxe4 35. Rd8+ Kf7 36. Rd7+ Ke6 37. Rcd2 Qf3+ 38. Kg1 Rb1+ 39. Nd1 Qg4+ 40. Kf2 Qh4+ 41. Ke3 Qh3+ 42. Kxe4 Kf6 43. R7d6+ Kg5 44. Ne3 Re1 45. R6d5+ Kh6 46. R2d3 Qg4+ 47. Ke5 Qg5+ 48. Kd6 Qf6+ 49. Kc5 Qe7+ 50. Kd4 Qf6+ 51. Kc5 Qf8+ 52. Kc6 Qe8+ 53. Kc5 Rxe3 54. Rxe3 Qxe3+ 55. Kc4 Qe2+ 56. Kc5 Qxh2 57. c4 Qc7+ 58. Kd4 a5 59. c5 a4 60. Rd6 a3 61. Ra6 Qd7+ 62. Kc4 Qf7+ 63. Kb5 Qb3+ 64. Kc6 a2 65. Kd6 Qd1+ 66. Kc7 a1=Q 67. Rxa1 Qxa1 68. c6 Qa6 69. Kd7 Kg5 70. c7 h5 71. c8=Q Qxc8+ 72. Kxc8 h4 73. Kd7 h3 74. Ke7 h2 75. Kf7 h1=Q 76. Kg7 Qc6 77. Kh8 Qc7 78. Kg8 Kf6 79. Kh8 Qg7# 0-1


[Site "https://www.chess.com"]

[Event "Titled Tuesday Blitz April 12 Late 2022"]
[White "Fedoseev, Vladimir"]
[Black "Xu, Yi"]
[WhiteFideId "24130737"]
[BlackFideId "8605564"]
[WhiteElo "2726"]
[BlackElo "2471"]
[Result "1-0"]
[Round "05"]
[TimeControl "180+1"]
[Date "2022.04.12"]
[WhiteClock "0:00:02"]
[BlackClock "0:00:02"]

1. g3 Nf6 2. Bg2 d5 3. Nf3 e6 4. O-O Be7 5. c4 O-O 6. b3 d4 7. e3 c5 8. Ne5 Qc7 9. f4 Nfd7 10. Nd3 Nc6 11. Na3 a6 12. Nc2 Bf6 13. e4 e5 14. f5 b5 15. Nf2 bxc4 16. bxc4 Be7 17. d3 Rb8 18. g4 h6 19. Ne1 f6 20. h4 Nd8 21. Nf3 Nf7 22. Bd2 Bb7 23. Qc1 Qd8 24. Nh1 Bc6 25. Ng3 Re8 26. Nh5 Nf8 27. Qa3 Nh7 28. Qxa6 Qc7 29. Qa3 Ra8 30. Qc1 Reb8 31. Kh2 Be8 32. Rf2 Qb6 33. Be1 Qa6 34. a4 Rb3 35. Qd1 Rab8 36. a5 Nd6 37. Ng3 Bf7 38. Bf1 Rb2 39. Kg1 Rxf2 40. Bxf2 Nc8 41. Be1 Na7 42. Rb1 Rb7 43. Rxb7 Qxb7 44. Qa4 Nf8 45. Nd2 Qb8 46. Nb3 Be8 47. Qa3 Qc7 48. Be2 Nd7 49. Bd2 Nb8 50. Bc1 Na6 51. Nd2 Nb4 52. Nf3 Nac6 53. g5 hxg5 54. hxg5 Qxa5 55. g6 Qxa3 56. Bxa3 Nc2 57. Bc1 Bd7 58. Kf2 N2b4 59. Ne1 Na5 60. Bd1 Bc6 61. Bd2 Bd6 62. Ke2 Be7 63. Nh5 Bd6 64. Nf3 Be7 65. Nh2 Kf8 66. Ng4 Nxc4 67. dxc4 Bxe4 68. Ng3 Bd3+ 69. Ke1 Bxc4 70. Bf3 Bd3 71. Be4 c4 72. Bxb4 Bxb4+ 73. Kd1 Bxe4 74. Nxe4 Be7 75. Kc2 Bb4 76. Ngf2 d3+ 77. Kb2 Ke7 78. Ng4 Kf8 79. Ne3 d2 80. Kc2 c3 81. Nd5 Ba5 82. Ndxc3 Ke7 83. Nd5+ Kd7 84. Ndxf6+ gxf6 85. g7 1-0


[Site "https://www.chess.com"]

[Event "Titled Tuesday Blitz April 12 Late 2022"]
[White "Fernandez Siles, Luis"]
[Black "Sochacki, Christophe"]
[WhiteFideId "2209420"]
[BlackFideId "662569"]
[WhiteElo "2212"]
[BlackElo "2480"]
[Result "0-1"]
[Round "05"]
[TimeControl "180+1"]
[Date "2022.04.12"]
[WhiteClock "0:00:03"]
[BlackClock "0:00:15"]

1. e4 e6 2. d4 d5 3. Nd2 e5 4. c3 exd4 5. cxd4 dxe4 6. Nxe4 Nf6 7. Nc3 Bd6 8. Bc4 O-O 9. Nge2 Re8 10. Bg5 h6 11. Bh4 Nc6 12. a3 Bg4 13. f3 Bf5 14. O-O Be7 15. Bg3 Qd7 16. d5 Bc5+ 17. Kh1 Ne5 18. Bb5 c6 19. dxc6 bxc6 20. Bxe5 Rxe5 21. Qxd7 Bxd7 22. Ba4 Rae8 23. Ng3 Bb6 24. Rad1 R8e7 25. Nge4 Nd5 26. Nxd5 cxd5 27. Bxd7 dxe4 28. fxe4 Rxe4 29. Bb5 Rd4 30. Rxd4 Bxd4 31. Bc4 Bxb2 32. a4 a5 33. g3 g6 34. Rf2 Bd4 35. Re2 Rc7 36. Bb5 Kg7 37. Kg2 f5 38. Kf3 Kf6 39. h3 Rc3+ 40. Kg2 Be5 41. g4 Rg3+ 0-1


[Site "https://www.chess.com"]

[Event "Titled Tuesday Blitz April 12 Late 2022"]
[White "Foisor, Sabina-Francesca"]
[Black "Ozates, Tuna"]
[WhiteFideId "1212915"]
[BlackFideId "6354521"]
[WhiteElo "2243"]
[BlackElo "1887"]
[Result "0-1"]
[Round "05"]
[TimeControl "180+1"]
[Date "2022.04.13"]
[WhiteClock "0:00:06"]
[BlackClock "0:00:59"]

1. d4 Nf6 2. c4 g6 3. Nf3 Bg7 4. g3 O-O 5. Bg2 Nc6 6. O-O d6 7. Nc3 a6 8. Bg5 Rb8 9. Rc1 Bd7 10. b3 b5 11. c5 b4 12. Na4 Ne4 13. Be3 d5 14. Qd3 Qc8 15. Nd2 f5 16. f3 Nf6 17. Bf2 e5 18. dxe5 Nxe5 19. Qc2 Bb5 20. Rfe1 Re8 21. c6 Nxc6 22. e4 Ne5 23. Nc5 fxe4 24. fxe4 Nfg4 25. exd5 Nxf2 26. Kxf2 Ng4+ 27. Kg1 Bd4+ 28. Kh1 Nf2+ 29. Kg1 Nd3+ 30. Kh1 Nxe1 31. Qd1 Bxc5 32. Nf3 Nd3 33. Rc2 Nf2+ 34. Rxf2 Bxf2 35. h4 Qg4 36. d6 Re1+ 0-1


[Site "https://www.chess.com"]

[Event "Titled Tuesday Blitz April 12 Late 2022"]
[White "Friedel, Tom"]
[Black "Tanenbaum, Zachary"]
[WhiteFideId "2002108"]
[BlackFideId "2060850"]
[WhiteElo "2398"]
[BlackElo "2168"]
[Result "0-1"]
[Round "05"]
[TimeControl "180+1"]
[Date "2022.04.13"]
[WhiteClock "0:00:03"]
[BlackClock "0:00:04"]

1. e4 e5 2. Nf3 Nc6 3. Bc4 Nf6 4. d3 Be7 5. O-O O-O 6. Nc3 d6 7. a4 Be6 8. Bxe6 fxe6 9. d4 Qe8 10. Qd3 Qg6 11. Kh1 exd4 12. Nxd4 Ng4 13. Nxc6 bxc6 14. f3 Ne5 15. Qe2 Rf7 16. b3 Raf8 17. Be3 Qh5 18. a5 Ng6 19. a6 Bf6 20. Qd2 Be5 21. Bg1 Bf4 22. Qe1 Ne5 23. Ra5 c5 24. Rb5 c6 25. Rb7 Rxb7 26. axb7 Rb8 27. Qd1 Ng6 28. Ne2 Be5 29. f4 Nxf4 30. Nxf4 Qxd1 31. Rxd1 Bxf4 32. g3 Be5 33. Be3 Rxb7 34. Bf4 Bxf4 35. gxf4 Rd7 36. e5 d5 37. Ra1 g6 38. Ra6 Rc7 39. c4 Kf7 40. Kg2 Ke7 41. Kf3 Rb7 42. Ra3 Kd7 43. Kg4 h6 44. h4 Kc7 45. h5 gxh5+ 46. Kxh5 Kb8 47. Kxh6 Rf7 48. Kg5 d4 49. Ra2 Rb7 50. Rb2 a5 51. f5 exf5 52. Kxf5 a4 53. e6 axb3 54. Kf6 Kc8 0-1


[Site "https://www.chess.com"]

[Event "Titled Tuesday Blitz April 12 Late 2022"]
[White "Gracia Alvarez, Gerardo Antonio"]
[Black "Schekachikhin, Maksim"]
[WhiteFideId "5109124"]
[BlackFideId "24177830"]
[WhiteElo "2139"]
[BlackElo "2230"]
[Result "1-0"]
[Round "05"]
[TimeControl "180+1"]
[Date "2022.04.13"]
[WhiteClock "0:02:03"]
[BlackClock "0:02:13"]

1. e4 c5 2. Nc3 a6 3. g3 b5 4. Bg2 Bb7 5. d3 Nf6 6. Nh3 e6 7. O-O d5 8. e5 Nfd7 9. f4 Be7 10. f5 Qb6 11. fxe6 Qxe6 12. Nxd5 Bxd5 13. Nf4 Qxe5 14. Nxd5 Ra7 15. Re1 Qd4+ 16. Be3 Qa4 17. Nxe7 1-0


[Site "https://www.chess.com"]

[Event "Titled Tuesday Blitz April 12 Late 2022"]
[White "Grave, Jacob Templen"]
[Black "Sokolovsky, Yahli"]
[WhiteFideId "1542656"]
[BlackFideId "2820242"]
[WhiteElo "1737"]
[BlackElo "1770"]
[Result "0-1"]
[Round "05"]
[TimeControl "180+1"]
[Date "2022.04.13"]
[WhiteClock "0:00:01"]
[BlackClock "0:00:22"]

1. d4 d6 2. Nf3 g6 3. c4 Bg7 4. Nc3 Nf6 5. e4 O-O 6. Be2 Bg4 7. Be3 Bxf3 8. Bxf3 e5 9. d5 Nfd7 10. O-O f5 11. Rc1 b6 12. b4 a5 13. a3 axb4 14. axb4 Na6 15. Qb3 f4 16. Bd2 Nf6 17. Ra1 g5 18. Be2 g4 19. c5 f3 20. Bxa6 fxg2 21. Rfc1 Nh5 22. Ne2 Qh4 23. Ng3 Nf4 24. Bxf4 exf4 25. Nf5 Rxf5 26. exf5 Bd4 27. Ra2 Rxa6 28. Qd3 g3 29. hxg3 fxg3 30. Kxg2 Rxa2 0-1


[Site "https://www.chess.com"]

[Event "Titled Tuesday Blitz April 12 Late 2022"]
[White "Guzman Moneo, Alberto"]
[Black "Demchenko, Anton"]
[WhiteFideId "2209616"]
[BlackFideId "4160258"]
[WhiteElo "2157"]
[BlackElo "2539"]
[Result "0-1"]
[Round "05"]
[TimeControl "180+1"]
[Date "2022.04.13"]
[WhiteClock "0:00:18"]
[BlackClock "0:02:04"]

1. e4 e5 2. Nf3 Nc6 3. Bb5 a6 4. Ba4 Nge7 5. c3 Ng6 6. d4 exd4 7. cxd4 Bb4+ 8. Nc3 d5 9. exd5 Bxc3+ 10. bxc3 Qxd5 11. O-O O-O 12. Bb3 Qh5 13. Nd2 Qxd1 14. Rxd1 Na5 15. Nc4 Nxb3 16. axb3 b6 17. Ne5 Nxe5 18. dxe5 a5 19. Bf4 Be6 20. b4 a4 21. Ra3 b5 22. Be3 Rfd8 23. Rxd8+ Rxd8 24. Bd4 g5 25. f3 Kg7 26. Kf2 h5 27. Ke3 Kg6 28. g3 Kf5 29. Ra1 Ra8 30. Ra3 g4 31. f4 Rh8 32. Kd2 h4 33. Bf2 hxg3 34. Bxg3 Rd8+ 35. Kc2 Bb3+ 36. Kb2 Rd2+ 37. Kc1 Rc2+ 38. Kb1 Ke4 39. f5 Kxf5 40. e6 fxe6 41. Bxc7 e5 42. c4 Rxc4 43. Bb6 Rc2 44. Be3 Rxh2 45. Bc1 g3 46. Rxb3 axb3 0-1


[Site "https://www.chess.com"]

[Event "Titled Tuesday Blitz April 12 Late 2022"]
[White "Hardaway, Brewington"]
[Black "Romanchuk, Viktor"]
[WhiteFideId "30941849"]
[BlackFideId "14109271"]
[WhiteElo "1768"]
[BlackElo "2242"]
[Result "1-0"]
[Round "05"]
[TimeControl "180+1"]
[Date "2022.04.13"]
[WhiteClock "0:00:06"]
[BlackClock "0:00:01"]

1. Nf3 d5 2. e3 c6 3. b3 Bf5 4. Bb2 e6 5. c4 Nd7 6. Nc3 h6 7. d4 Ngf6 8. Bd3 Bxd3 9. Qxd3 Bb4 10. O-O Qe7 11. Nd2 Ba3 12. Bxa3 Qxa3 13. e4 dxe4 14. Ndxe4 O-O 15. f4 Rad8 16. f5 Nxe4 17. Nxe4 exf5 18. Rxf5 f6 19. Qg3 Qb2 20. Rd1 Kh8 21. Rd2 Qb1+ 22. Rf1 Qxe4 23. Re1 Qf5 24. Qc7 Rfe8 25. Rf1 Qg5 26. Rdf2 Nf8 27. Qxb7 Qe3 28. Qxa7 Qxd4 29. Qc7 c5 30. h3 Ne6 31. Qa5 Ng5 32. Kh2 Qd6+ 33. Kg1 Ne4 34. Rf5 Qd4+ 35. Kh2 Qd6+ 36. Kg1 Ng3 37. Rd5 Qe7 38. Rfd1 Ne2+ 39. Kh1 Nd4 40. Rxd8 Rxd8 41. Qe1 Re8 42. Qxe7 Rxe7 43. b4 Ne6 44. b5 Nd4 45. a4 Ra7 46. Ra1 Ra5 47. Ra3 Kg8 48. b6 Kf7 49. b7 Nc6 50. Rb3 Nb8 51. Rb5 Rxa4 52. Rxc5 Rb4 53. Rc7+ Ke6 54. c5 g5 55. Kh2 Kd5 56. Kg3 Nc6 57. Rf7 Kxc5 58. Rxf6 Rxb7 59. Rxh6 Ne5 60. Rh5 Rg7 61. Rh6 Kd5 62. Ra6 Ke4 63. Ra5 Kf5 64. Kf2 Rd7 65. g4+ Ke6 66. Ra6+ Rd6 67. Ra8 Rd3 68. Kg2 Ng6 69. Ra6+ Rd6 70. Ra5 Nf4+ 71. Kf3 Kf6 72. Rf5+ Kg6 73. h4 Ne6 74. h5+ Kg7 75. Ke4 Rc6 76. Kd5 Rb6 77. Ke5 Nc5 78. Rxg5+ Kh6 79. Rf5 Nd7+ 80. Kd5 Nf6+ 81. Kc5 Nxg4 82. Kxb6 Ne3 83. Rb5 Nc4+ 84. Kc7 1-0


[Site "https://www.chess.com"]

[Event "Titled Tuesday Blitz April 12 Late 2022"]
[White "Hoffmann, Asa"]
[Black "Hartikainen, Jarmo"]
[WhiteFideId "2001470"]
[BlackFideId "503134"]
[WhiteElo "2117"]
[BlackElo "2118"]
[Result "1-0"]
[Round "05"]
[TimeControl "180+1"]
[Date "2022.04.13"]
[WhiteClock "0:00:04"]
[BlackClock "0:00:01"]

1. d4 Nf6 2. Bg5 Ne4 3. Bf4 d5 4. f3 Nf6 5. e4 dxe4 6. Nc3 exf3 7. Nxf3 Bg4 8. h3 Bxf3 9. Qxf3 e6 10. O-O-O Bd6 11. Bxd6 cxd6 12. Qxb7 Nbd7 13. Nb5 O-O 14. Nxd6 Rb8 15. Qf3 Qa5 16. a3 Nb6 17. c4 Nc8 18. Nb5 a6 19. Nc3 Nd6 20. Bd3 Rfc8 21. c5 Nb5 22. Bxb5 axb5 23. Rd2 b4 24. axb4 Rxb4 25. Qd3 Rcb8 26. Re1 h6 27. Qb1 Nd5 28. Nxd5 exd5 29. Ree2 Rc4+ 30. Kd1 Qa4+ 31. Ke1 Rxd4 32. Qc2 Qa1+ 33. Kf2 Rxd2 34. Rxd2 Qa7 35. Kg3 Qc7+ 36. Kf3 Rd8 37. b4 Qc6 38. Kf2 d4 39. Qc4 Qe4 40. Kf1 Qe3 41. Re2 Qf4+ 42. Rf2 Qc7 43. Ke2 d3+ 44. Kd2 Qe7 45. Qf4 Re8 46. c6 Qe1+ 47. Kxd3 Rd8+ 48. Kc4 Qe6+ 49. Kc5 Rd5+ 50. Kb6 Rd6 51. Qxf7+ Qxf7 52. Rxf7 Kxf7 53. Kc7 Rd4 54. b5 Rb4 55. b6 Ke7 56. b7 Ke6 57. b8=Q Rxb8 58. Kxb8 g5 59. c7 g4 60. c8=Q+ Ke5 61. Qxg4 1-0


[Site "https://www.chess.com"]

[Event "Titled Tuesday Blitz April 12 Late 2022"]
[White "Holt, Conrad"]
[Black "Najer, Evgeniy"]
[WhiteFideId "2034387"]
[BlackFideId "4118987"]
[WhiteElo "2586"]
[BlackElo "2562"]
[Result "1-0"]
[Round "05"]
[TimeControl "180+1"]
[Date "2022.04.12"]
[WhiteClock "0:00:58"]
[BlackClock "0:00:27"]

1. d4 Nf6 2. c4 e6 3. Nc3 Bb4 4. Qc2 d5 5. cxd5 Qxd5 6. e3 c5 7. Nf3 cxd4 8. exd4 Nc6 9. Be3 Qa5 10. Bd3 Nd5 11. O-O Bxc3 12. bxc3 Qxc3 13. Bxh7 g6 14. Bxg6 fxg6 15. Qxg6+ Kd8 16. Rac1 Qa3 17. Ne5 Bd7 18. Qg7 1-0


[Site "https://www.chess.com"]

[Event "Titled Tuesday Blitz April 12 Late 2022"]
[White "Ibarra Jerez, Jose Carlos"]
[Black "Molenda, Marcin"]
[WhiteFideId "2226332"]
[BlackFideId "1173065"]
[WhiteElo "2626"]
[BlackElo "2067"]
[Result "0-1"]
[Round "05"]
[TimeControl "180+1"]
[Date "2022.04.12"]
[WhiteClock "0:00:13"]
[BlackClock "0:00:19"]

1. Nf3 Nf6 2. e3 d5 3. b3 g6 4. Bb2 Bg7 5. c4 c6 6. Be2 O-O 7. O-O a5 8. Nc3 Na6 9. d4 Bf5 10. cxd5 cxd5 11. Rc1 Ne4 12. Na4 Nb4 13. a3 Nc6 14. Bb5 Rc8 15. Qe2 Qd6 16. h3 Rc7 17. Rfd1 h6 18. Qe1 g5 19. Bxc6 Rxc6 20. Qxa5 g4 21. Rxc6 Qxc6 22. Rc1 Qf6 23. Ne5 gxh3 24. f3 Qg5 25. Rc2 Qxe3+ 26. Kh2 hxg2 27. Rxg2 Ng5 28. Qc3 Qf4+ 29. Kg1 Nxf3+ 30. Nxf3 Rc8 31. Qd2 Qxf3 32. Nc3 Bd3 33. Qe1 Kh8 34. Rxg7 Kxg7 35. Qe5+ Kg8 36. Nxd5 Qf1+ 37. Kh2 Rc2+ 38. Kg3 Rg2+ 39. Kh4 Qh1+ 0-1


[Site "https://www.chess.com"]

[Event "Titled Tuesday Blitz April 12 Late 2022"]
[White "Indjic, Aleksandar"]
[Black "Rozman, Levy"]
[WhiteFideId "911925"]
[BlackFideId "2039877"]
[WhiteElo "2616"]
[BlackElo "2376"]
[Result "1-0"]
[Round "05"]
[TimeControl "180+1"]
[Date "2022.04.12"]
[WhiteClock "0:02:00"]
[BlackClock "0:01:26"]

1. e4 e6 2. d4 d5 3. e5 b6 4. c3 Ne7 5. Nd2 c5 6. Ndf3 Nec6 7. a3 Be7 8. Bd3 g5 9. Ne2 g4 10. Nfg1 h5 11. Be3 c4 12. Bc2 b5 13. h3 Kd7 14. Nf4 gxh3 15. Ngxh3 h4 16. Nh5 Kc7 17. Qf3 Qg8 18. Nf6 Qg7 19. Ng5 Nd8 20. Rxh4 Nbc6 21. Rh7 Rxh7 1-0


[Site "https://www.chess.com"]

[Event "Titled Tuesday Blitz April 12 Late 2022"]
[White "Janaszak, Dawid"]
[Black "Bryakin, Mikhail"]
[WhiteFideId "1119206"]
[BlackFideId "4165314"]
[WhiteElo "2199"]
[BlackElo "2417"]
[Result "1/2-1/2"]
[Round "05"]
[TimeControl "180+1"]
[Date "2022.04.12"]
[WhiteClock "0:00:20"]
[BlackClock "0:00:16"]

1. e4 Nf6 2. e5 Ng8 3. Nf3 d6 4. Bc4 d5 5. Bb3 c5 6. c4 d4 7. h3 Nc6 8. O-O h6 9. d3 Bf5 10. Bf4 e6 11. Qe2 Nge7 12. Nbd2 Nc8 13. Ne4 Be7 14. Ba4 O-O 15. Bxc6 bxc6 16. Nfd2 a5 17. a4 Qb6 18. b3 Qc7 19. g4 Bh7 20. Bg3 Nb6 21. f4 Nd7 22. Nf3 Rab8 23. Rab1 Qa7 24. Kh1 Rfe8 25. Nfd2 Rbd8 26. Rg1 f5 27. Nf2 Nf8 28. Rg2 Kh8 29. Rbg1 Rd7 30. Bh2 Bd8 31. Nf3 Rf7 32. g5 hxg5 33. Nxg5 Bxg5 34. Rxg5 g6 35. h4 Rg7 36. h5 Ree7 37. Qf3 Qd7 38. Bg3 gxh5 39. Qxh5 Rxg5 40. Qxg5 Rg7 41. Qf6 Kg8 42. Bh4 Rxg1+ 43. Kxg1 Bg6 44. Bg5 Qb7 45. Bh6 Qf7 46. Qd8 Qe8 47. Qxa5 Nd7 48. Qc7 Bh5 49. Bg5 Nf8 50. a5 Qa8 51. Qb6 Nd7 52. Qc7 Be8 53. Kg2 Qb8 54. Qxb8 Nxb8 55. Be7 Na6 56. Nh3 Kf7 57. Bd6 Bd7 58. Ng5+ Kg6 59. Kg3 Kg7 60. Kh4 Kg6 61. Kg3 Bc8 62. Nf3 Bd7 63. Nd2 Bc8 64. Kh4 Kh6 65. Nb1 Bd7 66. Na3 Be8 67. Nc2 Kg6 68. b4 cxb4 69. Nxb4 Nxb4 70. Bxb4 Bd7 71. a6 Bc8 72. a7 Bb7 73. Bc5 Ba8 74. Bxd4 Bb7 75. Bc5 Ba8 76. Bb6 Bb7 77. Kg3 Ba8 78. Kf3 Kf7 79. Ke3 Ke8 80. Kd4 Kd7 81. Kc5 Bb7 82. Ba5 Ba8 83. Kb6 Kc8 84. Bb4 Kd7 85. Bd6 Kc8 86. d4 Kd7 87. Bb8 Kc8 88. Kc5 Kd7 89. Bd6 Bb7 90. Bf8 Ba8 91. Kb6 Kc8 92. Bg7 Kd7 93. Ka6 Kc7 94. Bf8 Kc8 95. Bd6 Kd8 96. Ka5 Kc8 97. Kb4 Kb7 98. Kc5 Kc8 99. d5 cxd5 100. cxd5 Bxd5 101. Be7 Kd7 102. Bf6 Ba8 103. Kb6 Be4 104. Bh4 Bd5 105. Be1 Ba8 106. Bb4 Bd5 107. Bd6 Ba8 108. Bb8 Bd5 109. Kc5 Ba8 110. Kb6 Bd5 111. Kc5 Ba8 112. Kb6 1/2-1/2


[Site "https://www.chess.com"]

[Event "Titled Tuesday Blitz April 12 Late 2022"]
[White "Janturin, Artur"]
[Black "Khabinets, Ivan"]
[WhiteFideId "4130022"]
[BlackFideId "14115980"]
[WhiteElo "2363"]
[BlackElo "2114"]
[Result "1/2-1/2"]
[Round "05"]
[TimeControl "180+1"]
[Date "2022.04.13"]
[WhiteClock "0:00:22"]
[BlackClock "0:00:13"]

1. b3 e5 2. Bb2 Nc6 3. e3 Nf6 4. Nf3 Bd6 5. d4 exd4 6. Nxd4 O-O 7. Be2 Re8 8. O-O Be5 9. Nxc6 bxc6 10. Bxe5 Rxe5 11. Qd4 Qe7 12. Bf3 c5 13. Qa4 d5 14. c4 Bd7 15. Qa5 Bg4 16. Bxd5 Nxd5 17. cxd5 Rxd5 18. Nc3 Rg5 19. Kh1 c4 20. Qa6 cxb3 21. axb3 Qe5 22. f4 Qxc3 23. fxg5 Qxe3 24. Qb7 Re8 25. Qxa7 Qxb3 26. Qxc7 g6 27. Qf4 Be6 28. Rab1 Qc2 29. Rbc1 Qb2 30. Rcd1 Rc8 31. Rd2 Qb5 32. Rdf2 Rc5 33. Qf6 Rxg5 34. Rb2 Qe5 35. Rb8+ Qxb8 36. Qxg5 Qb2 37. Qf4 Kg7 38. Qf2 Qe5 39. Qf4 Qc3 40. Qf3 Qb2 41. Qf2 Qc3 42. Qf3 Qd4 43. Qf2 Qe5 44. Qf4 Qb2 45. h3 h5 46. Qf2 Qe5 47. Qf4 Qc3 48. Kh2 Bd5 49. Rf2 Be6 50. Qf3 Qe5+ 51. Qf4 Qxf4+ 52. Rxf4 g5 53. Rb4 Kg6 54. Kg3 Kf6 55. h4 Kg6 56. Rb5 f6 57. Rb6 Bf5 58. Rd6 Be4 59. hxg5 Kxg5 60. Kf2 Bg6 61. Rb6 Bf5 62. Rb5 Kg6 63. Rc5 Kg5 64. g3 Kg4 65. Kg2 Kg5 66. Kh2 Kg4 67. Ra5 Kg5 68. Ra4 Bg4 69. Ra5+ Bf5 70. Kg2 Kg4 71. Ra8 Kg5 72. Rg8+ Bg6 73. Rg7 Kf5 74. Re7 Kg5 75. Kh3 Bf5+ 76. Kh2 Bg6 77. Rc7 Bf5 78. Rc5 Kg4 79. Ra5 Kg5 1/2-1/2


[Site "https://www.chess.com"]

[Event "Titled Tuesday Blitz April 12 Late 2022"]
[White "Karttunen, Mika"]
[Black "Bachmann, Axel"]
[WhiteFideId "502081"]
[BlackFideId "3700488"]
[WhiteElo "2343"]
[BlackElo "2587"]
[Result "0-1"]
[Round "05"]
[TimeControl "180+1"]
[Date "2022.04.13"]
[WhiteClock "0:00:09"]
[BlackClock "0:00:08"]

1. e4 c5 2. Nf3 d6 3. d4 cxd4 4. Nxd4 Nf6 5. Nc3 a6 6. Be3 e5 7. Nb3 Be7 8. f3 Be6 9. Qd2 h5 10. O-O-O Nbd7 11. Nd5 Nxd5 12. exd5 Bf5 13. Bd3 Bxd3 14. Qxd3 Bg5 15. Kb1 O-O 16. Bf2 Rc8 17. h4 Bh6 18. g4 Bf4 19. Be3 Bxe3 20. Qxe3 a5 21. Nd2 Qc7 22. Rc1 Qc5 23. Qd3 hxg4 24. Ne4 Qb6 25. Rhg1 f5 26. Ng5 Nc5 27. Qe3 f4 28. Qa3 g3 29. h5 Qb4 30. Qxb4 axb4 31. Rcd1 Ra8 32. Rg2 Ra7 33. c3 b3 34. axb3 Nxb3 35. Kc2 Nc5 36. Re2 Ra2 37. Ne6 Rc8 38. Nxc5 Rxc5 39. Kb3 Ra6 40. c4 b5 41. cxb5 Rxb5+ 42. Kc4 Rc5+ 43. Kb3 Rb6+ 44. Ka2 Ra6+ 45. Kb1 Raa5 46. Rd3 Rxd5 47. Rb3 Rab5 48. Ra3 Ra5 49. Rb3 Rdb5 50. Rc3 Rb6 51. Rc8+ Kh7 52. Rc7 Rab5 53. Rec2 d5 54. Re7 d4 55. Rcc7 Rxb2+ 56. Kc1 Rb1+ 57. Kc2 R6b2+ 58. Kd3 Kh6 59. Ke4 Kxh5 60. Rxg7 Rb6 61. Rg8 Rh6 62. Rcg7 Rbb6 63. Rg4 Rhg6 64. Rh8+ Rh6 65. Rhg8 Rbg6 66. Kf5 Rxg4 67. fxg4+ Kh4 68. g5 Rh5 69. Kf6 g2 70. g6 g1=Q 71. g7 Qg5+ 72. Ke6 Rh6+ 73. Kd5 Qe7 74. Rh8 Qxg7 75. Rd8 Kg4 76. Ke4 Rg6 0-1


[Site "https://www.chess.com"]

[Event "Titled Tuesday Blitz April 12 Late 2022"]
[White "Kobalia, Mikhail"]
[Black "Tregubov, Pavel V."]
[WhiteFideId "4119150"]
[BlackFideId "4115341"]
[WhiteElo "2667"]
[BlackElo "2341"]
[Result "1/2-1/2"]
[Round "05"]
[TimeControl "180+1"]
[Date "2022.04.12"]
[WhiteClock "0:00:18"]
[BlackClock "0:00:37"]

1. e4 e5 2. Nf3 Nf6 3. Nxe5 d6 4. Nf3 Nxe4 5. Nc3 Nf6 6. d4 Be7 7. Bd3 O-O 8. h3 c5 9. O-O cxd4 10. Nxd4 Nc6 11. Nf5 Bxf5 12. Bxf5 d5 13. Re1 Re8 14. Bd3 a6 15. Bg5 h6 16. Bxf6 Bxf6 17. Rxe8+ Qxe8 18. Nxd5 Bxb2 19. Rb1 Qe5 20. Ne3 Bd4 21. Ng4 Qe7 22. Qf3 h5 23. Nh2 g6 24. Be4 Rc8 25. Qd3 Rd8 26. Qf3 Ne5 27. Qf4 b5 28. Nf3 Nxf3+ 29. Bxf3 Qe5 30. Qxe5 Bxe5 31. Rd1 Rc8 32. Bb7 Rxc2 33. Bxa6 b4 34. Re1 Bd4 35. Re2 Rxe2 36. Bxe2 1/2-1/2


[Site "https://www.chess.com"]